 Dungeon Crawl Stone Soup version 0.27.1-33-g824d729ab1 (webtiles) character file.

Game seed: 9199836479766782766

34705 GameOver the Thaumaturge (level 13, -6/94 HPs)
             Began as a Naga Hedge Wizard on Dec 16, 2021.
             Was an Initiate of Gozag.
             Engulfed by a cloud of freezing vapour (27 damage)
             ... on level 5 of the Lair of Beasts on Dec 23, 2021.
             The game lasted 02:30:25 (17546 turns).

GameOver the Thaumaturge (Naga Hedge Wizard)       Turns: 17546, Time: 02:30:26

Health: -6/94      AC: 17    Str: 12    XL:     13   Next: 79%
Magic:  1/28       EV: 24    Int: 26    God:    Gozag
Gold:   2239       SH:  0    Dex: 11    Spells: 8/34 levels left

rFire    . . .     SeeInvis +   e - staff of conjuration
rCold    . . .     Faith    .   (no shield)
rNeg     + . .     Spirit   .   E - +2 robe {rN+}
rPois    +         Reflect  .   c - +2 helmet
rElec    .         Harm     .   K - +0 cloak
rCorr    .         Rampage  .   a - +0 pair of gloves
Will     +....                  (no barding)
Stlth    ++++......             B - amulet of the acrobat
HPRegen  0.25/turn              i - +4 ring of protection
MPRegen  0.21/turn              y - +6 ring of intelligence

@: acrobatic, very slow
A: AC +4, large, see invisible, deformed body, poison resistance, slowness 2,
spit poison 1, naga tail 2
a: Spit Poison, Renounce Religion, Potion Petition, Call Merchant, Bribe Branch


You were on level 5 of the Lair of Beasts.
You worshipped Gozag.
Gozag was most pleased with you.
You visited 4 branches of the dungeon, and saw 19 of its levels.

You collected 3651 gold pieces.
You spent 1367 gold pieces at shops.
You paid 45 gold pieces to Gozag.

Inventory:

Hand Weapons
 w - the +6 rapier "Tounex" {pain, Will++ Dex-4}
   (You found it on level 7 of the Dungeon)

   In the hands of one skilled in necromantic magic, it inflicts extra damage on
   living creatures.
   Dex:       It affects your dexterity (-4).
   Will:      It greatly increases your willpower.
 A - a +2 short sword of holy wrath
 H - a +3 spear
 Q - a +2 scimitar of flaming
 U - the +9 war axe "No More Talking" {holy, rElec}
   (You found it on level 11 of the Dungeon)

   It has been blessed by the Shining One to cause great damage to the undead
   and demons.
   rElec:     It insulates you from electricity.
Missiles
 k - 84 sling bullets
Armour
 a - a +0 pair of gloves (worn)
 b - a +2 robe of cold resistance
 c - a +2 helmet (worn)
 v - a +0 kite shield
 E - a +2 robe of positive energy (worn)
 K - a +0 cloak (worn)
 S - +0 acid dragon scales
Magical Staves
 e - a staff of conjuration (weapon)
Jewellery
 i - a +4 ring of protection (left hand)
 u - a ring of protection from fire
 y - a +6 ring of intelligence (right hand)
 B - an amulet of the acrobat (around neck)
 Y - a ring of ice
Wands
 n - a wand of flame (25)
 x - a wand of paralysis (9)
 D - a wand of acid (14)
 I - a wand of iceblast (19)
 N - a wand of digging (7)
Scrolls
 d - 13 scrolls of teleportation
 g - 4 scrolls of magic mapping
 h - 3 scrolls of enchant armour
 l - 4 scrolls of amnesia
 o - 5 scrolls of enchant weapon
 p - 8 scrolls of blinking
 r - 6 scrolls of identify
 s - 2 scrolls of immolation
 F - 3 scrolls of silence
 G - 2 scrolls of brand weapon
 T - a scroll of fog {unknown}
 V - 2 scrolls of noise {unknown}
 X - a scroll of summoning {unknown}
Potions
 f - 4 potions of mutation
 j - 3 potions of cancellation
 m - 2 potions of haste
 q - 3 potions of heal wounds
 t - 2 potions of flight
 z - 5 potions of curing
 C - 6 potions of attraction
 J - a potion of resistance
 L - a potion of invisibility
 M - a potion of brilliance
 O - a potion of magic
 P - 2 potions of lignification


   Skills:
 - Level 6.0 Short Blades
 - Level 5.0 Armour
 - Level 1.5 Dodging
 - Level 9.0 Stealth
 + Level 11.1 Spellcasting
 + Level 7.3 Conjurations
 - Level 1.0 Summonings
 - Level 6.0 Necromancy
 - Level 5.0 Translocations
 * Level 5.7 Ice Magic
 - Level 6.0 Air Magic
 - Level 9.0 Earth Magic
 - Level 9.0 Poison Magic


You had 8 spell levels left.
You knew the following spells:

 Your Spells              Type           Power      Damage    Failure   Level
a - Poisonous Vapours     Pois/Air       100%       N/A       1%          2
b - Blink                 Tloc           N/A        N/A       1%          2
c - Teleport Other        Tloc           40%        N/A       1%          3
d - Mephitic Cloud        Conj/Pois/Air  68%        N/A       1%          3
f - Freezing Cloud        Conj/Ice/Air   32%        6-21      9%          5
s - Stone Arrow           Conj/Erth      100%       3d13      1%          3
A - Ignite Poison         Fire/Tmut/Pois 30%        N/A       3%          3
F - Lee's Rapid Deconstr  Erth           28%        3d16*     2%          5

Your spell library contained the following spells:

 Spells                   Type           Power      Damage    Failure   Level
 Magic Dart               Conj           100%       1d8       1%          1
 Sandblast                Erth           100%       2d20      1%          1
 Corpse Rot               Necr/Air       N/A        N/A       1%          2
 Ensorcelled Hibernation  Hex/Ice        58%        N/A       1%          2
 Passwall                 Tmut/Erth      30%        N/A       1%          2
 Frozen Ramparts          Ice            88%        1d10      1%          3
 Gell's Gravitas          Tloc           20%        N/A       1%          3
 Lesser Beckoning         Tloc           20%        N/A       1%          3
 Summon Small Mammal      Summ           76%        N/A       2%          1
 Conjure Flame            Conj/Fire      50%        6-21      2%          3
 Airstrike                Air            22%        N/A       3%          4
 Corona                   Hex            15%        N/A       4%          1
 Call Imp                 Summ           19%        N/A       4%          2
 Slow                     Hex            14%        N/A       6%          2
 Lightning Bolt           Conj/Air       32%        1d50      8%          5
 Call Canine Familiar     Summ           19%        N/A       9%          3
 Sticky Flame             Conj/Fire      50%        2d7       9%          4
 Summon Guardian Golem    Hex/Summ       17%        N/A       10%         3
 Summon Ice Beast         Ice/Summ       32%        N/A       10%         4
 Summon Lightning Spire   Summ/Air       32%        N/A       10%         4
 Inner Flame              Hex/Fire       14%        N/A       12%         3
 Tukima's Dance           Hex            14%        N/A       12%         3
 Ice Form                 Ice/Tmut       29%        N/A       12%         4
 Bolt of Magma            Conj/Fire/Erth 29%        4d13      12%         5
 Conjure Ball Lightning   Conj/Air       32%        3x3d10    38%         6
 Shatter                  Erth           28%        3d24*     100%        9


Dungeon Overview and Level Annotations

Branches:
Dungeon (11/15)            Temple (1/1) D:4            Lair (5/6) D:9
 Shoals (0/4) Lair:4        Snake (0/4) Lair:3        Slime (0/5) Lair:5
    Orc (2/2) D:10
    Elf: Orc:2

Altars:
Ashenzari
Cheibriados
Dithmenos
Elyvilon
Fedhas
Gozag
Hepliaklqana
Kikubaaqudgha
Makhleb
Nemelex Xobeh
Okawaru
Qazlal
Ru
Sif Muna
Trog
Uskayaw
Vehumet
Wu Jian
Xom
Yredelemnul
Zin
The Shining One

Shops:
D:1 ?   D:2 *?!*   D:4 =   D:10 :!:(

Portals:
Volcano: Lair:5

Annotations:
D:9 3 Death Yaks near Lair entrance
Lair:5 2 transporters, Ypehuijo's ghost, journeyman OpFi
Orc:2 Rupert


Innate Abilities, Weirdness & Mutations

Your serpentine skin is tough. (AC +4)
You have supernaturally acute eyesight. (SInv)
Armour fits poorly on your strangely shaped body.
Your system is resistant to poisons. (rPois)
You cover ground very slowly.
You can spit poison.
You can use your snake-like lower body to constrict enemies.


Message History

The seven-headed hydra is engulfed in freezing vapours.
You kill the seven-headed hydra!
Press: ? - help, Shift-Dir - straight line, f - blink frog
Aim: a blink frog (moderately wounded, slow)
The splash of poison hits the blink frog!
The blink frog is poisoned.
The blink frog is heavily wounded.
The blink frog is distracted by your dazzling golden aura.
Unknown command.
The blink frog is no longer moving slowly.
Your magical contamination has completely faded away.
Casting: Freezing Cloud (dangerous; 9% risk of failure)
Confirm with . or Enter, or press ? or * to list all spells.
Aiming: Poisonous Vapours (safe; 1% risk of failure)
Press: ? - help, Dir - move target, f/p - blink frog
Aim: a blink frog (heavily wounded, unaware, poisoned, hasn't noticed you) Poisonous vapours surround the blink frog!
The blink frog looks as sick as possible!
The blink frog is no longer distracted by gold.
The blink frog is distracted by your dazzling golden aura.
You have got your breath back.
Found a halberd.
The blink frog is no longer distracted by gold.
The blink frog blinks!
Found 15 gold pieces.
You kill the blink frog! 2 hell hounds come into view.
Found a dark tunnel.
e - a staff of conjuration (weapon)
Casting: Poisonous Vapours (safe; 1% risk of failure)
Confirm with . or Enter, or press ? or * to list all spells.
Aiming: Freezing Cloud (dangerous; 9% risk of failure)
Press: ? - help, Dir - move target, f - hell hound
Aim: a hell hound (asleep)
You feel a surge of power! That beam is likely to hit you.
Continue anyway?
You hear the slow rumble of an avalanche of rocks.
You are engulfed in freezing vapours.
You die...
Your body crumbles into a pile of gold.

*** ### *** **** ***** ******,***
##.##*,***,,***,,*, *,*,**,,,*
**#§@.#,,,,*,,,,,,,,*
**,,,,,,,**#§h§#.#...,,,,,,.....
*,,,,*,,**#∩§h§#.#....,,,,......
**,,,,,,,*##.###.##..#,,,.......
*,,*,,,,* ###....#..)**,#....#.
*,,,,,,,####....###.#####...#.#
**,,,,,,,..........#...#.$....#.
**,,,**,,,#.......###............
*,,,,,*,,,#.......###.....$......


You could see 2 hell hounds.

Vanquished Creatures
  6 hydras
  Erolcha (D:9)
  Fannar (Lair:1)
  A boulder beetle (Lair:2)
  A two-headed ogre (D:11)
  Erica (D:9)
  3 death yaks (D:9)
  Sonja (Lair:1)
  An orc knight (Orc:1)
  A necromancer (Lair:4)
  An orc sorcerer (Orc:1)
  An ugly thing (D:9)
  3 merfolk sirens (Lair:4)
  The ghost of ThiefFrogPaladin the Cudgeller, a novice MiFi of Cheibriados (D:5)
  3 black mambas
  A gargoyle (D:10)
  7 cane toads
  An unseen horror (D:10)
  2 rime drakes
  Maggie (D:10)
  3 komodo dragons
  A kobold demonologist (D:9)
  A merfolk (Lair:4)
  A polar bear (Lair:4)
  6 blink frogs (Lair:5)
  2 shadows
  A wraith (D:9)
  Sigmund (D:3)
  A vampire (D:11)
  24 yaks
  A basilisk (Lair:3)
  4 wyverns
  2 steam dragons
  10 vampire mosquitoes
  4 wargs (Orc:1)
  3 nagas (Lair:3)
  An acid dragon (D:9)
  3 floating eyes (D:9)
  Duvessa (D:5)
  2 water moccasins
  14 orc warriors
  2 black bears
  2 necrophages
  An ice beast (D:7)
  A sky beast (D:7)
  9 ogres
  10 wolves
  5 centaurs
  3 kobold brigands
  11 bullfrogs
  2 gnoll sergeants
  A wyvern zombie (D:8)
  4 scorpions
  A jelly (D:7)
  A water moccasin zombie (D:6)
  Dowan (D:5)
  A wyvern skeleton (D:6)
  8 wights
  8 centaur zombies
  A hound (D:6)
  10 orc priests
  Crazy Yiuf (D:7)
  A bullfrog skeleton (D:5)
  An iguana (D:6)
  Terence (D:3)
  14 orc wizards
  10 hell rats
  2 yak simulacra (Lair:4)
  3 polar bear simulacra (Lair:4)
  3 wolf simulacra (Lair:4)
  4 howler monkey zombies
  Robin (D:3)
  6 gnolls
  7 adders
  3 river rats (D:9)
  A white imp (D:6)
  2 ufetubi
  2 worms
  A dart slug (D:4)
  35 orcs
  6 ball pythons
  4 bats
  5 endoplasms
  2 giant cockroaches
  20 goblins
  10 hobgoblins
  10 kobolds
  4 quokkas
  6 frilled lizards
  2 rats
  3 river rat simulacra (Lair:4)
376 creatures vanquished.

Vanquished Creatures (others)
  16 fungi
  28 plants
44 creatures vanquished.

Grand Total: 420 creatures vanquished

Notes
Turn   | Place    | Note
-------+----------+-------------------------------------------
     0 | D:1      | GameOver the Naga Hedge Wizard began the quest for the Orb.
     0 | D:1      | Reached XP level 1. HP: 15/15 MP: 4/4
   214 | D:1      | Reached XP level 2. HP: 12/22 MP: 1/6
   729 | D:1      | Reached XP level 3. HP: 28/28 MP: 2/7
   799 | D:1      | Learned a level 2 spell: Blink
   803 | D:1      | Learned a level 3 spell: Mephitic Cloud
   984 | D:2      | Found Forrots's Magic Scroll Boutique.
  1109 | D:2      | Found Icrupoh's Assorted Antiques.
  1134 | D:2      | Found a faded altar of an unknown god.
  1196 | D:2      | Found Xacots's Distillery.
  1217 | D:2      | Reached XP level 4. HP: 36/36 MP: 3/8
  1481 | D:2      | Found Lejecin's Assorted Antiques.
  1588 | D:3      | Noticed Sigmund
  1790 | D:3      | Noticed Terence
  1816 | D:4      | Noticed a necrophage
  1865 | D:3      | Noticed Robin
  1917 | D:4      | Reached skill level 1 in Poison Magic
  1965 | D:4      | Noticed a scorpion
  1976 | D:4      | Killed a scorpion
  1977 | D:4      | Reached XP level 5. HP: 37/42 MP: 5/9
  2004 | D:4      | Killed a necrophage
  2005 | D:4      | Reached skill level 5 in Conjurations
  2005 | D:4      | Reached XP level 6. HP: 45/49 MP: 1/10
  2062 | D:3      | Killed Terence
  2147 | D:3      | Killed Sigmund
  2259 | D:3      | Killed Robin
  2260 | D:3      | Reached skill level 5 in Poison Magic
  2260 | D:3      | Reached XP level 7. HP: 52/55 MP: 5/11
  2684 | D:4      | Found a staircase to the Ecumenical Temple.
  2693 | Temple   | Entered the Ecumenical Temple
  2700 | Temple   | Became a worshipper of Gozag Ym Sagoz the Greedy
  2892 | D:4      | Found Jyat's Jewellery Shop.
  2907 | D:5      | Entered Level 5 of the Dungeon
  2921 | D:5      | Found a runed translucent door.
  2923 | D:5      | Noticed ThiefFrogPaladin's ghost (novice MiFi)
  3004 | D:5      | Found a bloodstained altar of Trog.
  3276 | D:5      | Noticed Dowan
  3360 | D:5      | Reached skill level 5 in Stealth
  3360 | D:5      | Reached XP level 8. HP: 62/62 MP: 5/13
  3504 | D:5      | Noticed Duvessa
  3517 | D:5      | Killed Dowan
  3543 | D:5      | Killed Duvessa
  3771 | D:2      | Bought a potion of degeneration for 14 gold pieces
  3783 | D:2      | Bought 2 glowing coppery potions for 34 gold pieces
  3783 | D:2      | Bought a scroll labelled ULASMEV LEDOZXOA for 19 gold
                  | pieces
  3819 | D:2      | Bought a scroll labelled ULASMEV LEDOZXOA for 24 gold
                  | pieces
  3819 | D:2      | Bought a scroll labelled PIATEU UPNUSOI for 24 gold pieces
  3819 | D:2      | Bought a red potion for 21 gold pieces
  3835 | D:2      | Bought a scroll of identify for 24 gold pieces
  3835 | D:2      | Bought a scroll of identify for 24 gold pieces
  3835 | D:2      | Bought a scroll of identify for 24 gold pieces
  3835 | D:2      | Bought a scroll of identify for 24 gold pieces
  3835 | D:2      | Bought a scroll of teleportation for 36 gold pieces
  3990 | D:6      | Found an iron altar of Okawaru.
  4026 | D:6      | Reached skill level 4 in Spellcasting
  4234 | D:6      | Learned a level 3 spell: Teleport Other
  4329 | D:6      | Found a radiant altar of Vehumet.
  4352 | D:6      | Reached XP level 9. HP: 53/68 MP: 5/16
  4378 | D:6      | Found a snail-covered altar of Cheibriados.
  4544 | D:6      | Reached skill level 5 in Spellcasting
  4700 | D:2      | Bought a potion of curing for 42 gold pieces
  4700 | D:2      | Bought a potion of heal wounds for 70 gold pieces
  4737 | D:2      | Bought a scroll of magic mapping for 42 gold pieces
  4737 | D:2      | Bought a scroll of teleportation for 36 gold pieces
  4910 | D:7      | Found a shimmering blue altar of Sif Muna.
  5049 | D:7      | Reached skill level 1 in Short Blades
  5540 | D:7      | Identified the +6 rapier "Tounex" {pain, Will++ Dex-4}
  5758 | D:7      | Found a runed translucent door.
  5759 | D:7      | Noticed Crazy Yiuf
  5769 | D:7      | Killed Crazy Yiuf
  5909 | D:8      | Reached skill level 5 in Translocations
  6337 | D:8      | Reached skill level 1 in Necromancy
  6756 | D:2      | Bought a scroll of amnesia for 42 gold pieces
  6756 | D:2      | Bought a scroll of enchant weapon for 90 gold pieces
  6756 | D:2      | Bought a scroll of holy word for 90 gold pieces
  6793 | D:2      | Bought a potion of brilliance for 56 gold pieces
  6946 | D:9      | Noticed a death yak
  7030 | D:9      | Reached XP level 10. HP: 75/75 MP: 11/18
  7077 | D:9      | Noticed a kobold demonologist
  7103 | D:9      | Killed a kobold demonologist
  7104 | D:9      | Reached skill level 6 in Spellcasting
  7120 | D:9      | Paralysed by a floating eye for 2 turns
  7149 | D:9      | Reached skill level 5 in Short Blades
  7217 | D:9      | Paralysed by a floating eye for 2 turns
  7845 | D:9      | Paralysed by a floating eye for 4 turns
  7855 | D:9      | Found a staircase to the Lair.
  7893 | D:9      | Learned a level 3 spell: Stone Arrow
  7946 | D:9      | Reached skill level 1 in Earth Magic
  8681 | D:10     | Entered Level 10 of the Dungeon
  8732 | D:10     | Found a staircase to the Orcish Mines.
  8749 | D:10     | Reached skill level 7 in Spellcasting
  8858 | D:10     | Noticed a gargoyle
  8867 | D:10     | Learned a level 5 spell: Lee's Rapid Deconstruction
  8898 | D:10     | Found Itox's Distillery.
  8904 | D:10     | Bought a potion of invisibility for 104 gold pieces
  8904 | D:10     | Bought a potion of magic for 104 gold pieces
  8904 | D:10     | Bought a potion of lignification for 39 gold pieces
  8914 | D:10     | Found a hazy altar of Hepliaklqana.
  8927 | D:10     | Found an ornate altar of the Wu Jian Council.
  8949 | D:10     | Noticed an unseen horror
  9077 | D:10     | Killed an unseen horror
  9078 | D:10     | Reached XP level 11. HP: 69/81 MP: 11/21
  9175 | D:9      | Noticed Erolcha
  9184 | D:9      | Killed Erolcha
  9185 | D:9      | Reached skill level 5 in Necromancy
  9185 | D:9      | Reached skill level 5 in Earth Magic
  9236 | D:9      | Noticed Erica
  9252 | D:9      | Killed Erica
  9259 | D:9      | Noticed a death yak
  9268 | D:9      | Noticed a death yak
  9334 | D:10     | Found Myeti's Book Emporium.
  9596 | D:10     | Found Mifuzuoh's Book Shop.
  9608 | D:10     | Noticed Maggie
  9629 | D:10     | Killed Maggie
  9654 | D:10     | Found Modairph's Weapon Emporium.
 10163 | D:11     | Noticed a two-headed ogre
 10179 | D:11     | Killed a two-headed ogre
 10384 | D:11     | Reached skill level 8 in Spellcasting
 10501 | D:11     | Identified the +9 war axe "No More Talking" {holy, rElec}
 10802 | D:11     | Got the Guide on Igneous Air
 11020 | D:10     | Bought a book of Vapours for 384 gold pieces
 11023 | D:10     | Learned a level 2 spell: Poisonous Vapours
 11027 | D:10     | Learned a level 3 spell: Ignite Poison
 11051 | Orc:1    | Entered Level 1 of the Orcish Mines
 11093 | Orc:1    | Noticed an orc sorcerer
 11103 | Orc:1    | Killed an orc sorcerer
 11104 | Orc:1    | Reached skill level 1 in Air Magic
 11559 | Orc:1    | Noticed an orc knight
 11569 | Orc:1    | Killed an orc knight
 11574 | Orc:1    | Reached XP level 12. HP: 70/88 MP: 3/24
 12084 | Orc:2    | Entered Level 2 of the Orcish Mines
 12114 | Orc:2    | Noticed Rupert
 12314 | D:5      | Killed ThiefFrogPaladin's ghost
 12432 | D:9      | Killed a death yak
 12657 | D:9      | Killed a death yak
 12658 | D:9      | Reached skill level 9 in Spellcasting
 12786 | D:9      | Killed a death yak
 13017 | Lair:1   | Entered Level 1 of the Lair of Beasts
 13067 | Lair:1   | Reached skill level 1 in Armour
 13140 | Lair:1   | Noticed Fannar
 13153 | Lair:1   | Killed Fannar
 13154 | Lair:1   | Reached skill level 5 in Air Magic
 13182 | Lair:1   | Noticed an eight-headed hydra
 13187 | Lair:1   | Noticed Sonja
 13412 | Lair:1   | Killed Sonja
 13416 | Lair:1   | Killed an eight-headed hydra
 14267 | Lair:2   | Noticed a boulder beetle
 14270 | Lair:2   | Noticed a six-headed hydra
 14274 | Lair:2   | Killed a boulder beetle
 14278 | Lair:2   | Killed a six-headed hydra
 14279 | Lair:2   | Reached skill level 5 in Armour
 14287 | Lair:2   | Reached skill level 10 in Spellcasting
 14426 | Lair:2   | Gained mutation: You can use your snake-like lower body to
                  | constrict enemies. [Naga growth]
 14426 | Lair:2   | Reached XP level 13. HP: 94/94 MP: 27/27
 15095 | Lair:2   | Learned a level 5 spell: Freezing Cloud
 15169 | Lair:3   | Found a staircase to the Snake Pit.
 15201 | Lair:3   | Reached skill level 1 in Ice Magic
 16645 | Lair:4   | Found a staircase to the Shoals.
 17471 | Lair:5   | Reached skill level 11 in Spellcasting
 17471 | Lair:5   | Reached skill level 5 in Ice Magic
 17486 | Lair:5   | Noticed Ypehuijo's ghost (journeyman OpFi)
 17490 | Lair:5   | Found a transporter.
 17497 | Lair:5   | Found a transporter.
 17538 | Lair:5   | Found a dark tunnel.
 17546 | Lair:5   | Engulfed by a cloud of freezing vapour

Illustrated notes

Levels and vault maps discovered:
D:1:      lightli_arrival_maybe_door_vault, layout_basic, solitary_fountain
D:2:      layout_rooms, hellmonk_ecumenical_altar_slurped_away, serial_shops,
          nicolae_shop_temple_entry_statues_fountains,
          nicolae_shop_overgrown_old_shop, shop, shop
D:3:      layout_basic, uniq_robin, uniq_terence, uniq_sigmund
D:4:      layout_rooms, minmay_temple_entry_wispy, serial_shops, shop
D:5:      layout_gridville, mainiacjoe_overflow_chevrons,
          ebering_ghost_reflecting_pool, minmay_crystal_room,
          grunt_decor_fettered, nicolae_underground_beach, uniq_duvessa
D:6:      layout_basic, mainiacjoe_overflow_alcove_1, kennysheep_little_box,
          okawaru_trees_1, minmay_misc_feat_tower
D:7:      layout_gridville, lemuel_coloured_pillars_altar, grunt_ministairs_4,
          uniq_crazy_yiuf_cottage
D:8:      layout_gridville
D:9:      minmay_skewed_foursquare, layout_gridville, dpeg_lair_monsters,
          onia_ninara_cookie, uniq_erica, uniq_erolcha
D:10:     layout_basic, mainiacjoe_overflow_catch_the_wave, serial_shops, shop,
          shop, shop, shop_statue, uniq_maggie
D:11:     layout_basic
Temple:   minmay_freezing_vapour_temple
Lair:1:   layout_regular_city, chequers_serial_rivers_small_a,
          grunt_megastairs_4, serial_bayou_shore_b, uniq_sonja, uniq_fannar
Lair:2:   layout_roguey, st_stairs_8, nzn_sisyphean_effort, lemuel_fruit_tree,
          grunt_megastairs_5
Lair:3:   layout_roguey, guppyfry_snake_entry_garden,
          infiniplex_staircase_pool_2
Lair:4:   layout_cave_pods, elwin_shoals_entry_stream, eino_house_with_fridge,
          lemuel_fruit_fields
Lair:5:   beast_lair_carwin_large_2, layout_regular_city, slime_dummy,
          enter_volcano_3, gammafunk_ghost_arena, serial_bayou_lake_a,
          uniq_josephine
Orc:1:    layout_caves, nicolae_orc_rockfall
Orc:2:    st_orc_pillars, layout_diamond_mine, uniq_rupert

Skill      XL: |  1  2  3  4  5  6  7  8  9 10 11 12 13 |
---------------+----------------------------------------+-----
Conjurations   | 2 3 4 5 6 7 |  7.3
Poison Magic   | 2 3 5 7 9 |  9.0
Stealth        | 5 7 9 |  9.0
Spellcasting   | 4 5 7 8 10 11 | 11.1
Translocations | 2 5 |  5.0
Short Blades   | 3 6 |  6.0
Necromancy     | 1 4 6 |  6.0
Earth Magic    | 4 8 9 |  9.0
Air Magic      | 2 5 6 |  6.0
Armour         | 5 |  5.0
Ice Magic      | 5 |  5.7
Dodging        | |  1.5
Summonings     | |  1.0

Action                   |  1- 3 |  4- 6 |  7- 9 | 10-12 | 13-15 || total
-------------------------+-------+-------+-------+-------+-------++-------
Melee: Dagger            |     4 |    27 |    33 |       |       ||    64
       Short sword       |     1 |     5 |    62 |       |       ||    68
       Flail             |       |    10 |    17 |       |       ||    27
       Rapier            |       |       |    19 |   298 |   105 ||   422
       Scimitar          |       |       |    12 |       |       ||    12
       Constrict         |       |       |       |       |    23 ||    23
 Cast: Magic Dart        |    47 |    50 |   140 |    53 |       ||   290
       Mephitic Cloud    |       |     6 |    31 |    59 |    14 ||   110
       Blink             |       |       |     1 |     3 |     1 ||     5
       Stone Arrow       |       |       |       |   106 |    28 ||   134
       Teleport Other    |       |       |       |    11 |       ||    11
       Poisonous Vapours |       |       |       |    16 |    26 ||    42
       Ignite Poison     |       |       |       |     9 |     5 ||    14
       Lee's Rapid Decon |       |       |       |     1 |       ||     1
       Freezing Cloud    |       |       |       |       |     7 ||     7
 Abil: Spit Poison       |    30 |    25 |    64 |    88 |    40 ||   247
Evoke: Wand              |       |       |     3 |     1 |       ||     4
  Use: Scroll            |       |       |    10 |     5 |     2 ||    17
       Potion            |       |       |       |     3 |     2 ||     5
 Stab: Sleeping          |     1 |       |     4 |     5 |       ||    10
       Distracted        |       |     1 |       |     1 |       ||     2
       Confused          |       |     3 |     8 |     9 |     5 ||    25
Armor: Robe              |       |    29 |    73 |   143 |    54 ||   299
       Skin              |       |       |       |    42 |       ||    42
Dodge: Dodged            |    11 |    27 |    63 |   135 |    45 ||   281
       Rpst.: Scimitar   |       |       |     1 |       |       ||     1
